 Dungeon Crawl Stone Soup version 0.30.1-4-g462c640d31 (webtiles) character file.

Game seed: 15311295430071832757

492 hawla the Firebug (level 7, -1/51 HPs)
             Began as a Meteoran Fire Elementalist on Aug 28, 2023.
             Was an Initiate of Vehumet.
             Slain by a killer bee (4 damage)
             ... on level 5 of the Dungeon on Aug 29, 2023.
             The game lasted 00:08:37 (1488 turns).

hawla the Firebug (Meteoran Fire Elementalist)      Turns: 1488, Time: 00:08:37

Health: -1/51      AC:  2    Str: 15    XL:     7   Next: 64%
Magic:  4/13       EV: 13    Int: 17    God:    Vehumet [......]
Gold:   133        SH:  0    Dex: 13    Spells: 8/15 levels left

rFire   . . .        b - +1 short sword (distort)
rCold   . . .        (no shield)
rNeg    . . .        a - +0 robe
rPois   .            (helmet restricted)
rElec   .            (no cloak)
rCorr   .            (no gloves)
SInv    .            (no boots)
Will    .....        c - amulet of magic regeneration
Stlth   +            (no ring)
HPRegen 0.28/turn    (no ring)
MPRegen 0.53/turn

%: no passive effects
@: lethally poisoned (-1 -> -21), very slightly contaminated, glowing
A: sense surroundings 1, otherworldly, glowing, explore regen, horns 1, low MP
1, strong 1
a: Renounce Religion


You were on level 5 of the Dungeon.
You worshipped Vehumet.
Vehumet was noncommittal.
You visited 1 branch of the dungeon, and saw 5 of its levels.
You also visited: Sewer.

You collected 133 gold pieces.

Inventory:

Hand Weapons
 b - a +1 short sword of distortion (weapon)
Armour
 a - a +0 robe (worn)
Jewellery
 c - an amulet of magic regeneration (around neck)
Scrolls
 k - a scroll of teleportation
 l - a scroll of identify
Potions
 d - a potion of berserk rage
 e - a potion of mutation
 f - a potion of haste {unknown}
 g - 2 potions of magic
 h - 3 potions of curing {unknown}
 i - 4 potions of brilliance {unknown}
 j - a potion of degeneration {unknown}


   Skills:
 + Level 0.9 Fighting
 + Level 0.7 Short Blades
 - Level 0.6 Maces & Flails
 + Level 3.4 Dodging
 - Level 1.4 Stealth
 + Level 4.9 Spellcasting
 + Level 5.2 Conjurations
 + Level 5.7 Fire Magic


You had 8 spell levels left.
You knew the following spells:

 Your Spells              Type           Power      Damage    Failure   Level
a - Foxfire               Conj/Fire      88%        2x1d8     1%          1
b - Scorch                Fire           46%        2d7       1%          2
c - Flame Wave            Conj/Fire      22%        2d8       16%         4

Your spell library contained the following spells:

 Spells                   Type           Power      Damage    Failure   Level
 Inner Flame              Hex/Fire       14%        N/A       13%         3
 Volatile Blastmotes      Fire/Tloc      28%        2d12      13%         3
 Frozen Ramparts          Ice            8%         1d2       41%         3
 Ice Form                 Ice/Tmut       4%         N/A       82%         4
 Summon Ice Beast         Ice/Summ       4%         N/A       82%         4


Dungeon Overview and Level Annotations

Branches:
Dungeon (5/15) Zot: 1756    Sewer (visited)
 Temple: D:4-7

Altars:
Vehumet


Innate Abilities, Weirdness & Mutations

You passively map a small area around you.
You are easily found by Zot.
You glow in the dark.
You regain HP and MP as you explore.
You have a pair of small horns on your head.
Your magical capacity is low. (-10% MP)
Your muscles are strong. (Str +4, Int/Dex -1)


Message History

Press: ? - help, Dir - look around, f - activate You miscast Flame Wave.
You are very lightly contaminated with residual magic.
Nothing appears to happen.
The foxfire hits the killer bee.
The killer bee is almost dead.
The killer bee stings you.
Casting: Flame Wave (quite dangerous; 14% risk of failure)
Confirm with . or Enter, or press ? or * to list all spells.
The spell is quite dangerous to miscast (14% risk of failure)!
Continue anyway?
Casting: Flame Wave (quite dangerous; 14% risk of failure)
Press: ? - help, Dir - look around, f - activate You miscast Flame Wave.
Nothing appears to happen.
The killer bee stings you! The killer bee barely misses you.
The killer bee closely misses you. x2
Unknown command.
Casting: Flame Wave (quite dangerous; 14% risk of failure)
Confirm with . or Enter, or press ? or * to list all spells.
You conjure some foxfire!
The killer bee stings you. x2
You are poisoned.
The killer bee poisons you! The killer bee stings you.
You are more poisoned.
The killer bee poisons you! The killer bee barely misses you.
The foxfire hits the killer bee.
The killer bee is moderately wounded.
The killer bee barely misses you.
Unknown command.
It was a potion of mutation.
You feel extremely strange. A pair of horns grows on your head!
You feel less energetic.
You feel stronger.
You feel very sick.
The foxfire hits the killer bee but does no damage.
The killer bee is moderately wounded.
The killer bee stings you!
* * * LOW HITPOINT WARNING * * *
The killer bee closely misses you.
The killer bee stings you but does no damage.
The killer bee barely misses you. The killer bee stings you!
* * * LOW HITPOINT WARNING * * *
You are more poisoned.
The killer bee poisons you!
The killer bee completely misses you. x2
The killer bee stings you.
You die...

#.......... ###
###....#.#.#
###.####......#.#.#
##......#......###.# ## #.
#....#...........
..#..#.##....#........... ,
........ยงยง..........#.#.#
* ,.#.....##....##....#.# #
#.#..y@y.#####....###.#
#..yyy..#* ......... *
#...#......# .........
.....###....# , .#.###.#
#...##* ....... , .#.. #
#... , .......#. ###.# ##.
...#.# ... ,...### ... > ,
* ...


You could see 5 killer bees.

Vanquished Creatures
  2 kobold brigands (Sewer)
  A phantom (D:4)
  A howler monkey (D:5)
  A jelly (D:4)
  11 gnolls
  4 adders
  A white imp (D:5)
  3 dart slugs
  8 bats
  An endoplasm (D:2)
  3 giant cockroaches
  A goblin (D:3)
  3 jackals (D:1)
  A quokka (D:5)
  2 ball pythons
  A frilled lizard (Sewer)
  19 kobolds
  7 rats
70 creatures vanquished.

Vanquished Creatures (collateral kills)
  2 hobgoblins (D:4)
2 creatures vanquished.

Vanquished Creatures (others)
  84 foxfires
84 creatures vanquished.

Grand Total: 156 creatures vanquished

Notes
Turn   | Place    | Note
-------+----------+-------------------------------------------
     0 | D:1      | hawla the Meteoran Fire Elementalist began the quest for
                  | the Orb.
     0 | D:1      | Reached XP level 1. HP: 14/14 MP: 5/5
    70 | D:2      | Reached XP level 2. HP: 20/20 MP: 3/6
    73 | D:2      | Learned a level 2 spell: Scorch
   116 | D:2      | Reached XP level 3. HP: 26/26 MP: 1/8
   133 | D:2      | Reached XP level 4. HP: 33/33 MP: 7/10
   143 | D:2      | Learned a level 4 spell: Flame Wave
   220 | D:2      | Reached XP level 5. HP: 5/38 MP: 4/11
   370 | D:4      | Noticed a phantom
   374 | D:4      | Killed a phantom
   375 | D:4      | Reached XP level 6. HP: 45/45 MP: 9/12
   430 | D:4      | Reached skill level 5 in Fire Magic
   639 | D:4      | Found a glowing drain.
   652 | Sewer    | Entered a sewer
   677 | Sewer    | Reached XP level 7. HP: 26/51 MP: 4/14
   691 | Sewer    | Identified the +0 leather armour of Buafige {Drain Dex+4}
   759 | Sewer    | Reached skill level 5 in Conjurations
  1314 | D:5      | Entered Level 5 of the Dungeon
  1372 | D:5      | Found a radiant altar of Vehumet.
  1432 | D:5      | Became a worshipper of Vehumet
  1488 | D:5      | Gained mutation: You have a pair of small horns on your
                  | head. [potion of mutation]
  1488 | D:5      | Gained mutation: Your magical capacity is low. (-10% MP)
                  | [potion of mutation]
  1488 | D:5      | Gained mutation: Your muscles are strong. (Str +4, Int/Dex
                  | -1) [potion of mutation]
  1488 | D:5      | Slain by a killer bee

Illustrated notes

Levels and vault maps discovered:
D:1:      minmay_arrival_up_and_down, layout_basic, serial_shops, shop
D:2:      layout_basic, minivault_11, minmay_misc_feat_iff
D:3:      layout_rooms, dreamdust_ecumenical_altar_sealed_demon
D:4:      layout_basic, portal_sewer_entry_b, chequers_serial_rivers_micro_b,
          minmay_ruptured
D:5:      layout_cave_pools, lemuel_doored_altar,
          minmay_temple_entry_statues_pillars, minmay_misc_feat_nine_boxes,
          minmay_misc_feat_room

Skill      XL: |  1  2  3  4  5  6  7 |
---------------+----------------------+-----
Spellcasting   | 3 4 |  4.9
Fire Magic     | 4 5 |  5.7
Conjurations   | 3 4 5 |  5.2
Dodging        | 3 |  3.4
Fighting       | |  0.9
Short Blades   | |  0.7
Maces & Flails | |  0.6
Stealth        | |  1.4

Action                     |  1- 3 |  4- 6 |  7- 9 || total
---------------------------+-------+-------+-------++-------
  Melee: Unarmed           |     5 |       |       ||     5
         Flail             |       |    23 |       ||    23
         Short sword       |       |       |    35 ||    35
   Cast: Foxfire           |    21 |    17 |    11 ||    49
         Scorch            |     1 |    11 |     4 ||    16
         Flame Wave        |       |     4 |     5 ||     9
    Use: Scroll            |     1 |     2 |     3 ||     6
         Potion            |     1 |       |     1 ||     2
   Stab: Sleeping          |       |     1 |       ||     1
 Armour: Robe              |     2 |     8 |    23 ||    33
  Dodge: Dodged            |     4 |    27 |    44 ||    75
